 Dungeon Crawl Stone Soup version 0.29-a0-43-g62a80824bf (webtiles) character file.

Game seed: 15741889446974865002

2803 jfcaron the Grappler (level 9, -5/93 HPs)
             Began as a Troll Cinder Acolyte on Feb 3, 2022.
             Was an Elder of Ignis.
             Slain by an orc warlord (25 damage)
             ... in a bailey.
             The game lasted 00:18:16 (5956 turns).

jfcaron the Grappler (Troll Cinder Acolyte)         Turns: 5956, Time: 00:18:17

Health: -5/93      AC: 12    Str: 28    XL:     9   Next: 44%
Magic:  9/9        EV: 13    Int: 10    God:    Ignis [****..]
Gold:   262        SH:  0    Dex:  5    Spells: 10/10 levels left

rFire   + . .      SeeInvis .     - Unarmed
rCold   . . .      Faith    .   (no shield)
rNeg    . . .      Spirit   .   a - +0 robe
rPois   +          Reflect  .   (helmet restricted)
rElec   .          Harm     .   w - +0 cloak
rCorr   .          Rampage  .   (gloves unavailable)
Will    .....                   (boots unavailable)
Stlth   +.........              l - amulet of regeneration
HPRegen 1.85/turn               k - ring of poison resistance
MPRegen 0.11/turn               v - +4 ring of evasion

@: mighty, fiery-armoured
A: large, unfitting armour, claws 3, regeneration 1, shaggy fur 1, tough skin 1
a: Renounce Religion, Fiery Armour, Foxfire Swarm, Rising Flame


You were in a bailey.
You worshipped Ignis.
Ignis was greatly pleased with you.
You visited 2 branches of the dungeon, and saw 8 of its levels.
You also visited: Bailey.

You collected 262 gold pieces.

Inventory:

Hand Weapons
 i - a +2 dagger of venom
 z - a +0 broad axe
Missiles
 d - 83 stones (quivered)
 m - 3 atropa-tipped darts
 p - 17 boomerangs
 y - 5 large rocks
Armour
 a - a +0 robe (worn)
 n - a scarf of harm
 w - a +0 cloak (worn)
Magical Staves
 c - a staff of cold
 h - a staff of air
Jewellery
 k - a ring of poison resistance (left claw)
 l - an amulet of regeneration (around neck)
 v - a +4 ring of evasion (right claw)
Wands
 g - a wand of paralysis (6)
 o - a wand of digging (7)
 u - a wand of acid (7)
Scrolls
 e - 2 scrolls of enchant weapon
 A - a scroll of fog {unknown}
 B - 2 scrolls of teleportation
Potions
 b - 2 potions of curing
 f - a potion of cancellation {unknown}
 j - a potion of ambrosia {unknown}
 q - a potion of degeneration {unknown}
 r - 2 potions of haste {unknown}
 s - a potion of heal wounds {unknown}
 t - a potion of flight {unknown}
 x - 2 potions of might
 C - a potion of mutation {unknown}
 D - a potion of brilliance {unknown}


   Skills:
 + Level 7.1 Fighting
 + Level 3.9 Throwing
 * Level 9.8 Unarmed Combat
 - Level 1.0 Spellcasting
 - Level 2.1 Fire Magic


You had 10 spell levels left.
You didn't know any spells.
Your spell library contained the following spells:

 Spells                   Type           Power      Damage    Failure   Level
 Scorch                   Fire           8%         2d5       22%         2
 Sandblast                Erth           0%         2d4       34%         1
 Ensorcelled Hibernation  Hex/Ice        0%         N/A       45%         2
 Passwall                 Tmut/Erth      0%         N/A       45%         2
 Gell's Gravitas          Tloc           0%         N/A       71%         3
 Lesser Beckoning         Tloc           0%         N/A       71%         3
 Stone Arrow              Conj/Erth      0%         3d7       71%         3
 Swiftness                Air            0%         N/A       71%         3
 Teleport Other           Tloc           0%         N/A       71%         3
 Summon Lightning Spire   Summ/Air       0%         N/A       98%         4
 Storm Form               Tmut/Air       0%         N/A       100%        7
 Maxwell's Capacitive Co  Air            0%         ∞         100%        8


Dungeon Overview and Level Annotations

Branches:
Dungeon (7/15)             Temple (1/1) D:4          Bailey (1/1)

Altars:
Ashenzari
Cheibriados
Dithmenos
Elyvilon
Fedhas
Gozag
Hepliaklqana
Kikubaaqudgha
Makhleb
Nemelex Xobeh
Okawaru
Qazlal
Ru
Sif Muna
Trog
Uskayaw
Vehumet
Wu Jian
Xom
Yredelemnul
Zin
The Shining One


Innate Abilities, Weirdness & Mutations

You are too large for most types of armour.
You have claws for hands.
Your natural rate of healing is unusually fast.
You are covered in fur. (AC +1)
You have tough skin. (AC +1)


Message History

Flames leap up around you!
The orc warlord hits you with a +0 war axe!!
* * * LOW HITPOINT WARNING * * *
The orc warlord is burned by your cloak of flames.
The orc warlord is moderately wounded.
The orc warlord hits your foxfire with a +0 war axe!
The orc warlord hits your foxfire with a +0 war axe!!
The orc warlord hits your foxfire with a +0 war axe! x3
The orc warlord hits your foxfire with a +0 war axe!! x2
Your foxfire dissipates!
The foxfire hits the orc warlord but does no damage.
The orc warlord is moderately wounded.
The foxfire hits the orc warlord but does no damage.
The orc warlord is moderately wounded.
The foxfire hits the orc warlord.
The orc warlord is moderately wounded.
The foxfire hits the orc warlord.
The orc warlord is moderately wounded.
The foxfire hits the orc warlord.
The orc warlord is moderately wounded.
The foxfire hits the orc warlord.
The orc warlord is moderately wounded.
The foxfire hits the orc warlord but does no damage.
The orc warlord is moderately wounded.
The foxfire hits the orc warlord but does no damage.
The orc warlord is moderately wounded.
The foxfire hits the orc warlord but does no damage.
The orc warlord is moderately wounded.
The foxfire hits the orc warlord but does no damage.
The orc warlord is moderately wounded.
The foxfire hits the orc warlord.
The orc warlord is heavily wounded.
The foxfire hits the orc warlord.
The orc warlord is heavily wounded.
Okay, then.
Okay, then.
Okay, then.
You feel better.
The orc warlord hits you with a +0 war axe!!
You die...

##### ##### ##...## ##...##
##.....## ##.....##
##.......#######.......##
##..8..8...§§§§§...8..8..##
#..........§§@§§..........#
#..........§.o.§..........#
#...8.)....#'''#......8...#
##......####≈≈≈####......##
♣##.....#≈≈≈≈≈≈≈≈≈#.....##♣
♣.##....#≈.8...8.≈#....##.♣
♣♣..###'###.......###)###..♣♣
♣...≈≈≈.# ≈.8...8.≈ #.)≈≈...♣
♣♣...≈≈≈.#≈.........≈#.≈≈≈...♣♣


You could see an orc warlord.

Vanquished Creatures
  Pikel (D:4)
  Eustachio (D:4)
  A steam dragon (D:7)
  Menkaure (D:6)
  5 orc warriors (Bailey)
  A sky beast (D:5)
  A black bear (D:4)
  A necrophage (D:6)
  2 phantoms (D:5)
  A centaur (D:7)
  A bullfrog (D:6)
  3 scorpions
  A water moccasin skeleton (D:3)
  A howler monkey (D:5)
  2 centaur zombies (D:7)
  2 hounds
  A jelly (D:6)
  Crazy Yiuf (D:4)
  A bullfrog skeleton (D:6)
  Ijyb (D:5)
  2 iguanas (D:5)
  2 orc wizards (D:3)
  A scorpion zombie (D:5)
  A hound zombie (D:5)
  A howler monkey zombie (D:6)
  A gnoll (Bailey)
  5 adders
  2 shadow imps
  A white imp (D:7)
  2 ufetubi
  2 worms
  3 dart slugs
  29 orcs
  10 ball pythons
  6 endoplasms
  6 giant cockroaches
  14 goblins
  15 hobgoblins
  10 jackals
  20 kobolds
  4 quokkas
  6 bats
  5 frilled lizards
  A jackal skeleton (D:4)
  6 rats
  18 foxfires (Bailey)
  A plant (D:7)
203 creatures vanquished.

Notes
Turn   | Place    | Note
-------+----------+-------------------------------------------
     0 | D:1      | jfcaron the Troll Cinder Acolyte began the quest for the
                  | Orb.
     0 | D:1      | Reached XP level 1. HP: 22/22 MP: 1/1
    64 | D:1      | Reached XP level 2. HP: 29/29 MP: 2/2
   653 | D:1      | Reached XP level 3. HP: 37/37 MP: 3/3
  1316 | D:2      | Found a faded altar of an unknown god.
  1327 | D:2      | Reached skill level 4 in Unarmed Combat
  1421 | D:2      | Reached XP level 4. HP: 42/45 MP: 4/4
  1908 | D:3      | Found a snail-covered altar of Cheibriados.
  2001 | D:3      | Reached XP level 5. HP: 50/54 MP: 5/5
  2326 | D:3      | Reached skill level 5 in Unarmed Combat
  2637 | D:4      | Reached XP level 6. HP: 63/63 MP: 6/6
  2721 | D:4      | Noticed Pikel
  2738 | D:4      | Killed Pikel
  2739 | D:4      | Reached skill level 5 in Fighting
  2739 | D:4      | Reached skill level 6 in Unarmed Combat
  2739 | D:4      | Reached XP level 7. HP: 41/72 MP: 7/7
  2953 | D:4      | Noticed Eustachio
  2975 | D:4      | Killed Eustachio
  2976 | D:4      | Reached skill level 7 in Unarmed Combat
  3118 | D:4      | Found a staircase to the Ecumenical Temple.
  3136 | Temple   | Entered the Ecumenical Temple
  3945 | D:4      | Reached XP level 8. HP: 83/83 MP: 8/8
  4005 | D:4      | Found a runed translucent door.
  4006 | D:4      | Noticed Crazy Yiuf
  4072 | D:4      | Killed Crazy Yiuf
  4358 | D:5      | Entered Level 5 of the Dungeon
  4466 | D:5      | Reached skill level 1 in Throwing
  4722 | D:5      | Reached skill level 8 in Unarmed Combat
  4870 | D:5      | Noticed Ijyb
  4872 | D:5      | Paralysed by Ijyb for 2 turns
  4888 | D:5      | Killed Ijyb
  5175 | D:6      | Noticed Menkaure
  5178 | D:6      | Killed Menkaure
  5381 | D:6      | Reached XP level 9. HP: 92/92 MP: 9/9
  5505 | D:7      | Reached skill level 9 in Unarmed Combat
  5537 | D:7      | Found a flagged portal.
  5547 | Bailey   | Entered a bailey
  5591 | Bailey   | Noticed an orc warlord
  5765 | Bailey   | Found a runed translucent gate.
  5767 | Bailey   | Found a runed translucent gate.
  5774 | Bailey   | Found a runed translucent gate.
  5954 | Bailey   | HP: 9/93 [orc warlord (24)]
  5956 | Bailey   | Slain by an orc warlord

Illustrated notes

Levels and vault maps discovered:
D:1:      erik_arrival_cave_to_civilisation [erik_arrival_cave_to_hall],
          layout_loops_corners
D:2:      layout_basic, hellmonk_ecumenical_altar_arch_garden,
          minmay_tromino_mix6
D:3:      layout_rooms, mainiacjoe_overflow_24_doors, grunt_ministairs_14,
          dk_noncrumbling_4
D:4:      layout_basic, minmay_temple_entry_purple_smoke, uniq_pikel,
          uniq_crazy_yiuf_cottage, uniq_eustachio
D:5:      layout_rooms, kennysheep_donut, uniq_ijyb
D:6:      layout_cave_pools, uniq_menkaure
D:7:      layout_cave_pods, enter_bailey_3, amcnicky_mini_rare_corridor_liquid,
          serial_bayou_pond_a
Temple:   mainiacjoe_temple_starburst
Bailey:   bailey_axe_bossmonster_kennysheep, bailey

Skill      XL: |  1  2  3  4  5  6  7  8  9 |
---------------+----------------------------+-----
Fighting       | 3 4 5 6 7 |  7.1
Unarmed Combat | 4 5 6 7 8 9 |  9.8
Throwing       | 2 3 |  3.9
Spellcasting   | |  1.0
Fire Magic     | |  2.1

Action                   |  1- 3 |  4- 6 |  7- 9 || total
-------------------------+-------+-------+-------++-------
Melee: Unarmed           |   103 |   138 |   196 ||   437
       Punch             |     1 |     4 |     4 ||     9
Throw: Stone             |    82 |    68 |   117 ||   267
       Boomerang         |       |    41 |     2 ||    43
       Dart              |       |       |     3 ||     3
Invok: Fiery Armour      |       |       |     2 ||     2
       Foxfire Swarm     |       |       |     1 ||     1
Evoke: Wand              |       |       |     5 ||     5
  Use: Scroll            |       |     5 |     4 ||     9
       Potion            |       |     1 |     2 ||     3
Armor: Robe              |    44 |    35 |    63 ||   142
Dodge: Dodged            |    54 |    43 |    90 ||   187

Table legend: (Time is in decaauts)
 A = Elapsed time spent in this place.
 B = Non-inter-level travel time spent in this place.
 C = Inter-level travel time spent in this place.
 D = Time resting spent in this place.
 E = Time spent auto-exploring this place.
 F = Levels seen in this place.
 G = Mean time per level.
                   A        B        C        D        E       F      G
               +--------+--------+--------+--------+--------+-----+--------+
         Total |   5945 |   5660 |    285 |    191 |   4070 |   9 |  660.6 |
       Dungeon |   4978 |   4741 |    237 |     58 |   3560 |   7 |  711.1 |
        Temple |    564 |    516 |     48 |      0 |    510 |   1 |  564.0 |
        Bailey |    402 |    402 |      0 |    133 |      0 |   1 |  402.0 |
               +--------+--------+--------+--------+--------+-----+--------+

Top non-repeatable levels by time:
     D:4: 1206 daAuts
     D:1: 1149 daAuts
     D:3: 792 daAuts
     D:2: 691 daAuts
  Temple: 564 daAuts
     D:5: 559 daAuts
     D:6: 530 daAuts
  Bailey: 402 daAuts
     D:7: 48 daAuts
